 Dungeon Crawl Stone Soup version 0.17.2-1-ge4368a0 (webtiles) character file.

4338 magog001 the Bolt Thrower (level 10, -2/76 HPs)
             Began as a Formicid Hunter on Oct 4, 2016.
             Was an Initiate of Gozag.
             Slain by an angel
             ... wielding a +1 whip of holy wrath
              (20 damage)
             ... on level 7 of the Dungeon.
             The game lasted 01:01:52 (10604 turns).

magog001 the Bolt Thrower (Formicid Hunter)        Turns: 10604, Time: 01:01:53

Health: -2/76      AC:  9    Str: 20      XL:     10   Next: 59%
Magic:  0/10       EV: 13    Int:  6 (7)  God:    Gozag
Gold:   274        SH:  0    Dex: 11      Spells: 0 memorised, 9 levels left

rFire  . . .     SeeInvis +     C - +2 halberd (venom)
rCold  . . .     Clarity  .     g - +3 ring mail
rNeg   . . .     SustAt   .     (no shield)
rPois  .         Gourm    .     (helmet unavailable)
rElec  .         Spirit   +     (no cloak)
rCorr  .         Warding  .     (no gloves)
rMut   .         Stasis   +     (no boots)
MR     +....                    z - amulet of guardian spirit
Stlth  +.........               (no ring)
                                (no ring)

@: glowing, somewhat resistant to hostile enchantments, very unstealthy
A: permanent stasis, dig shafts and tunnels, four strong arms, antennae 3,
deterioration 1, dopey 2
a: Dig, Shaft Self, Potion Petition, Call Merchant, Bribe Branch, Renounce
Religion


You were on level 7 of the Dungeon.
You worshipped Gozag.
Gozag was noncommittal.
You were not hungry.

You visited 1 branch of the dungeon, and saw 7 of its levels.

You collected 394 gold pieces.
You paid 120 gold pieces to Gozag.

Inventory:

Hand Weapons
 a - a +2 hand crossbow
 b - a +1 mace of protection
 A - a +0 shortbow
 C - a +2 halberd of venom (weapon)
Missiles
 d - 15 poisoned needles
 h - 14 poisoned arrows
 j - 96 arrows
 l - 4 tomahawks (quivered)
 u - 28 bolts
Armour
 g - a +3 ring mail (worn)
 n - a +2 robe of magic resistance
Jewellery
 z - an amulet of guardian spirit (around neck)
Wands
 i - a wand of disintegration (14)
 o - a wand of teleportation (6)
 v - a wand of fire (3)
 B - a wand of polymorph (8)
Scrolls
 r - a scroll of recharging
 s - 3 scrolls of remove curse
 w - a scroll of fog
Potions
 k - 2 potions of agility
 x - a potion of ambrosia {unknown}
 D - a potion of beneficial mutation {unknown}
Comestibles
 c - 2 beef jerkies
 e - 4 bread rations
 f - 5 fruits
 m - 7 slices of pizza


   Skills:
 + Level 5.7 Fighting
   Level 1.1 Short Blades
 - Level 4.2 Maces & Flails
 * Level 3.4 Polearms
 * Level 7.8 Crossbows
 * Level 3.5 Throwing
 + Level 7.0 Armour
 + Level 6.4 Dodging
 + Level 2.3 Stealth
 + Level 0.2 Evocations


You had 9 spell levels left.
You didn't know any spells.

Dungeon Overview and Level Annotations

Branches:
Dungeon (7/15)             Temple (0/1) D:4

Altars:
Gozag
Kikubaaqudgha
Ru
Sif Muna
Trog
Xom
Zin


Innate Abilities, Weirdness & Mutations

You are under a permanent stasis effect.
You can dig through walls and to a lower floor.
Your four strong arms can wield two-handed weapons with a shield.
You have a pair of large antennae on your head (SInv).
Your body sometimes deteriorates upon taking damage.
You are very dopey. (Int -4)


Message History

The angel hits you but does no damage.
The angel hits you with a whip of holy wrath!
The angel hits you but does no damage.
You closely miss the angel.
The angel hits you with a whip of holy wrath!!
The angel hits you with a whip of holy wrath.
The angel hits you but does no damage. The angel completely misses you.
The angel hits you with a whip of holy wrath!
The angel hits you but does no damage.
The angel hits you with a whip of holy wrath!
* * * LOW HITPOINT WARNING * * *
The angel closely misses you.
The angel hits you but does no damage. x2
The angel hits you but does no damage. x2
The angel hits you but does no damage. x2
Drink which item? (? for menu, Esc to quit)
You feel better.
The angel hits you with a whip of holy wrath!!
You die...
Your body crumbles into a pile of gold.

{ #........#
#.####.######.#
#......#......#
############.#.######
.............#.# ##
## #####...#####.#
#.#.#<### #.........#
#......####
#...####### #.
##.....## ##@##
#.##..###..## #A#
#....##>##..###.#
#...###.#....##.#
#..####.'###..#.#
#..#>.._..>#....#
#..####.####.##.#
#...###.###.....#
###..##>##..#####


You could see an angel.

Vanquished Creatures
  Pikel (D:3)
  The ghost of Glorfindel the Cutter, a novice HEGl (D:5)
  Grinder (D:4)
  Sigmund (D:5)
  A yak (D:7)
  Eustachio (D:5)
  A human (D:7)
  Menkaure (D:4)
  A hog (D:7)
  A water moccasin (D:7)
  An orc warrior (D:7)
  2 ice beasts
  A slave (D:3)
  A black bear (D:6)
  A centaur (D:6)
  A sky beast (D:5)
  4 ogres
  2 phantoms
  2 giant frogs
  2 scorpions (D:6)
  4 crimson imps
  A hound (D:6)
  9 orc wizards
  2 orc priests
  A centaur skeleton (D:6)
  4 iguanas
  3 worker ants
  2 sheep (D:7)
  15 gnolls
  10 adders
  3 shadow imps
  3 worms
  6 giant geckos
  21 orcs
  6 bats
  2 giant cockroaches (D:2)
  6 hobgoblins
  15 jackals
  3 quokkas
  5 ball pythons
  A giant cockroach zombie (D:6)
  A giant gecko skeleton (D:4)
  10 giant newts
  6 goblins
  6 kobolds
  3 quokka skeletons
  A quokka zombie (D:5)
  15 rats
191 creatures vanquished.

Vanquished Creatures (others)
  A hound (D:4)
  An orc (D:4)
  A butterfly (D:4)
3 creatures vanquished.

Grand Total: 194 creatures vanquished

Notes
Turn   | Place    | Note
--------------------------------------------------------------
     0 | D:1      | magog001 the Formicid Hunter began the quest for the Orb.
     0 | D:1      | Reached XP level 1. HP: 16/16 MP: 1/1
   364 | D:1      | Reached XP level 2. HP: 22/22 MP: 2/2
  1094 | D:2      | Reached XP level 3. HP: 28/28 MP: 3/3
  1214 | D:2      | Found a bloodstained altar of Trog.
  1792 | D:2      | Reached skill level 1 in Armour
  1980 | D:2      | Reached XP level 4. HP: 34/34 MP: 4/4
  2892 | D:3      | Reached skill level 1 in Maces & Flails
  2892 | D:3      | Reached XP level 5. HP: 29/39 MP: 5/5
  3284 | D:3      | Reached XP level 6. HP: 21/46 MP: 6/6
  3684 | D:4      | Noticed a slave
  3685 | D:4      | Noticed a slave
  3685 | D:4      | Noticed a slave
  3686 | D:4      | Noticed Pikel
  3736 | D:3      | Killed a slave
  4116 | D:4      | Found a staircase to the Ecumenical Temple.
  4555 | D:4      | Noticed a slave
  4578 | D:3      | Killed Pikel
  4578 | D:3      | Reached skill level 5 in Crossbows
  4578 | D:3      | Reached XP level 7. HP: 18/53 MP: 7/7
  4578 | D:3      | Reached XP level 8. HP: 20/60 MP: 8/8
  4913 | D:4      | Reached skill level 5 in Dodging
  4984 | D:4      | Noticed Menkaure
  4993 | D:4      | Killed Menkaure
  5699 | D:4      | Noticed Grinder
  5728 | D:4      | Killed Grinder
  5728 | D:4      | Reached skill level 5 in Armour
  5820 | D:4      | Found a sacrificial altar of Ru.
  5861 | D:4      | Reached skill level 6 in Crossbows
  5924 | D:4      | Reached skill level 1 in Throwing
  6025 | D:5      | Entered Level 5 of the Dungeon
  6027 | D:5      | Reached XP level 9. HP: 65/65 MP: 9/9
  6110 | D:5      | Noticed Eustachio
  6168 | D:5      | Killed Eustachio
  6471 | D:5      | Noticed Glorfindel's ghost (novice HEGl)
  6509 | D:5      | Gained mutation: You are dopey. (Int -2) [potion of mutation]
  6509 | D:5      | Gained mutation: You are very dopey. (Int -4) [potion of mutation]
  6509 | D:5      | Gained mutation: Your body sometimes deteriorates upon taking damage. [potion of mutation]
  6511 | D:5      | Killed Glorfindel's ghost
  6511 | D:5      | Reached skill level 7 in Crossbows
  6962 | D:5      | Reached skill level 1 in Short Blades
  7642 | D:5      | Noticed Sigmund
  7653 | D:5      | Killed Sigmund
  7901 | D:5      | Reached skill level 1 in Polearms
  8373 | D:6      | Reached XP level 10. HP: 18/73 MP: 4/10
  9132 | D:6      | Reached skill level 5 in Fighting
  9625 | D:6      | Found an ancient bone altar of Kikubaaqudgha.
 10336 | D:7      | Found an opulent altar of Gozag.
 10353 | D:7      | Became a worshipper of Gozag Ym Sagoz the Greedy
 10454 | D:7      | Found a deep blue altar of Sif Muna.
 10479 | D:7      | Found a shimmering altar of Xom.
 10549 | D:7      | Found a runed door.
 10552 | D:7      | Found a glowing silver altar of Zin.
 10552 | D:7      | Noticed an angel
 10604 | D:7      | Slain by an angel

Action                   |  1- 3 |  4- 6 |  7- 9 | 10-12 || total
-------------------------+-------+-------+-------+-------++-------
Melee: Mace              |   156 |   187 |       |       ||   343
       Morningstar       |       |    54 |    47 |       ||   101
       Short sword       |       |       |    93 |       ||    93
       Halberd           |       |       |   112 |   191 ||   303
 Fire: Hand crossbow     |    11 |    10 |    85 |    12 ||   118
Throw: Tomahawk          |       |       |     6 |     5 ||    11
 Abil: Dig               |     6 |     3 |     5 |     8 ||    22
Evoke: Wand              |       |       |     4 |     3 ||     7
  Use: Scroll            |     8 |     1 |     7 |     3 ||    19
       Potion            |     3 |     3 |     2 |     2 ||    10
 Stab: Sleeping          |     1 |       |       |       ||     1
  Eat: Chunk             |     5 |     2 |     2 |     2 ||    11
       Bread ration      |       |     1 |     1 |       ||     2
       Meat ration       |       |     1 |     2 |       ||     3
       Royal jelly       |       |       |       |     1 ||     1
       Pizza             |       |       |       |     1 ||     1
